 Dungeon Crawl Stone Soup version 0.25-a0-96-g4073cf80fb (webtiles) character file.

Game seed: 8225725563304731407, levelgen mode: deterministic

261 MisterFreud the Slasher (level 6, -1/39 HPs)
             Began as an Octopode Gladiator on Nov 11, 2019.
             Slain by an orc warrior
             ... wielding a +0 short sword
              (16 damage)
             ... on level 6 of the Dungeon.
             The game lasted 00:03:25 (2820 turns).

MisterFreud the Slasher (Octopode Gladiator)        Turns: 2820, Time: 00:03:25

Health: -1/39      AC:  1    Str: 13    XL:     6   Next: 18%
Magic:  6/6        EV: 14    Int: 13    God:
Gold:   31         SH:  0    Dex: 13    Spells: 5/5 levels left

rFire    . . .     SeeInvis .   a - +0 long sword
rCold    . . .     Gourm    .   (no shield)
rNeg     . . .     Faith    .   b - +0 hat
rPois    .         Spirit   .   (no amulet)
rElec    .         Reflect  .   (no ring)
rCorr    .         Harm     .   (no ring)
MR       .....                  (no ring)
Stlth    ++........             (no ring)
HPRegen  0.13/turn              (no ring)
MPRegen  0.10/turn              (no ring)
                                (no ring)
                                (no ring)

@: no status effects
A: almost no armour, stealthy swim, amphibious, 8 rings, constrict 8, camouflage
1, gelatinous body 1
a: no special abilities


You were on level 6 of the Dungeon.
You were not hungry.

You visited 1 branch of the dungeon, and saw 4 of its levels.

You collected 31 gold pieces.

Inventory:

Hand Weapons
 a - a +0 long sword (weapon)
Missiles
 c - 3 throwing nets (quivered)
 g - 93 stones
 j - 21 arrows
 m - 11 poisoned darts
Armour
 b - a +0 hat (worn)
Jewellery
 p - an uncursed ring of fire
Scrolls
 h - 2 scrolls of amnesia {unknown}
 n - 2 scrolls of identify {unknown}
 o - a scroll of noise {unknown}
 q - a scroll of remove curse {unknown}
 r - a scroll of enchant weapon {unknown}
Potions
 e - a potion of curing {unknown}
 i - a potion of magic {unknown}
 k - a potion of lignification {unknown}
 l - a potion of agility {unknown}
Comestibles
 d - 5 rations
 f - 5 chunks of flesh


   Skills:
 - Level 2.0 Fighting
 + Level 6.7 Long Blades
 - Level 2.0 Throwing
 - Level 3.0 Dodging


You had 5 spell levels left.
You didn't know any spells.
Your spell library was empty.

Dungeon Overview and Level Annotations

Branches:
Dungeon (3/15)

Altars:


Innate Abilities, Weirdness & Mutations

You cannot wear most types of armour.
You are very stealthy in the water. (Stealth+)
You are amphibious.
You can wear up to eight rings at the same time.
You can use your tentacles to constrict eight enemies at once.
Your skin changes colour to match your surroundings (Stealth+).
Your rubbery body absorbs attacks. (AC +1, EV +1)


Message History

The orc hits you with a +0 trident!
You closely miss the orc. You grab the orc. You constrict the orc.
An orc wizard comes into view. It is wielding a +0 dagger.
The orc hits you with a +0 trident.
You hit the orc. You squeeze the orc, but do no damage.
The orc is severely wounded.
You constrict the orc.
The orc wizard gestures wildly while chanting.
The orc wizard blinks!
The orc barely misses you.
You hit the orc.
You kill the orc!
The orc wizard casts a spell.
The orc wizard blinks!
The orc wizard mumbles some strange words.
The orc wizard blinks!
There is an escape hatch in the floor here.
The orc warrior hits you with a +0 short sword!
You barely miss the orc warrior. Your grab misses the orc warrior.
The orc warrior hits you with a +0 short sword!
You die...

######## #......#
#.####.# #.# #.# #.#
#.# #.# #.# #.#
#.######### #.#
#.o@....... #.#
########### #.# #
#.# ###.#. #.#
#...... #.# .......
#.# ######.......
#.######.....#
#....).o.####.......


You could see an orc warrior.

Vanquished Creatures
  A bullfrog (D:6)
  An orc priest (D:3)
  Jessica (D:2)
  An orc wizard (D:3)
  3 adders
  An ooze (D:3)
  A dart slug (D:2)
  5 leopard geckos
  9 orcs
  5 giant cockroaches
  9 goblins
  9 hobgoblins
  2 kobolds
  A quokka (D:3)
  10 bats
  4 frilled lizards
  7 rats
70 creatures vanquished.

Notes
Turn   | Place    | Note
-------+----------+-------------------------------------------
     0 | D:1      | MisterFreud the Octopode Gladiator began the quest for the
                  | Orb.
     0 | D:1      | Reached XP level 1. HP: 14/14 MP: 1/1
   345 | D:1      | Reached XP level 2. HP: 19/19 MP: 2/2
   946 | D:1      | Reached skill level 4 in Long Blades
  1107 | D:2      | Reached XP level 3. HP: 19/24 MP: 3/3
  1512 | D:2      | Noticed Jessica
  1517 | D:2      | Killed Jessica
  1517 | D:2      | Reached skill level 5 in Long Blades
  1517 | D:2      | Reached XP level 4. HP: 24/29 MP: 4/4
  2313 | D:3      | Reached XP level 5. HP: 24/34 MP: 5/5
  2522 | D:3      | Reached skill level 6 in Long Blades
  2668 | D:3      | You fall into a shaft and drop 3 floors!
  2705 | D:6      | Reached XP level 6. HP: 30/39 MP: 6/6
  2778 | D:6      | Noticed an orc warrior
  2820 | D:6      | Slain by an orc warrior

Levels and vault maps discovered:
D:1:      minmay_arrival_up_and_down, layout_loops_corners
D:2:      layout_loops_ring, uniq_jessica
D:3:      layout_loops_ring
D:6:      layout_loops_ring

Skill      XL: |  1  2  3  4  5 |
---------------+----------------+-----
Long Blades    | 4 5 6 |  6.7
Fighting       | |  2.0
Throwing       | |  2.0
Dodging        | |  3.0

Action                   |  1- 3 |  4- 6 || total
-------------------------+-------+-------++-------
Melee: Long sword        |    59 |    71 ||   130
       Constrict         |    16 |    26 ||    42
       Tentacles         |    10 |    15 ||    25
 Stab: Sleeping          |     8 |     4 ||    12
  Eat: Chunk             |     2 |     4 ||     6
Armor: Skin              |     2 |     7 ||     9
Dodge: Dodged            |    36 |    57 ||    93
       Rpst.: Long sword |    12 |    15 ||    27

Table legend:
 A = Non-vault XP
 B = Vault XP
 C = Vault XP percentage of total XP
 D = Non-vault monster count
 E = Vault monster count
 F = Vault count percentage of total count
                 A         B        C        D         E       F
            +---------+---------+-------+---------+---------+-------
      Total |     337 |      37 |   9.9 |      69 |       1 |   1.4
            +---------+---------+-------+---------+---------+-------
        D:1 |      31 |       0 |   0.0 |      19 |       0 |   0.0
        D:2 |      69 |      37 |  34.9 |      26 |       1 |   3.7
        D:3 |     141 |       0 |   0.0 |      22 |       0 |   0.0
        D:6 |      96 |       0 |   0.0 |       2 |       0 |   0.0
            +---------+---------+-------+---------+---------+-------
